 Dungeon Crawl Stone Soup version 0.29-a0-775-g4d7333d4e2 (webtiles) character file.

Game seed: 13125638097121193044

80 kae the Firebug (level 4, -2/24 HPs)
             Began as a Tengu Fire Elementalist on July 1, 2022.
             Engulfed by a cloud of steam (5 damage)
             ... on level 3 of the Dungeon.
             The game lasted 00:01:30 (2442 turns).

kae the Firebug (Tengu Fire Elementalist)           Turns: 2442, Time: 00:01:31

Health: -2/24      AC:  2    Str:  8    XL:     4   Next: 39%
Magic:  3/8        EV: 12    Int: 18    God:
Gold:   116        SH:  0    Dex: 14    Spells: 2/8 levels left

rFire   . . .      SeeInvis .   c - +0 short sword
rCold   . . .      Faith    .   (no shield)
rNeg    . . .      Spirit   .   a - +0 robe
rPois   .          Reflect  .   (helmet restricted)
rElec   .          Harm     .   (no cloak)
rCorr   .          Rampage  .   (no gloves)
Will    .....                   (boots unavailable)
Stlth   ++........              (no amulet)
HPRegen 0.08/turn               (no ring)
MPRegen 0.11/turn               (no ring)

@: no status effects
A: beak, talons 3
a: no special abilities


You were on level 3 of the Dungeon.
You visited 1 branch of the dungeon, and saw 3 of its levels.

You collected 116 gold pieces.


Innate Abilities, Weirdness & Mutations

You have a beak for a mouth.
You have claws for feet.


   Skills:
 - Level 2.1 Dodging
 - Level 2.0 Stealth
 + Level 2.6 Spellcasting
 * Level 3.4 Conjurations
 * Level 4.3 Fire Magic


You had 2 spell levels left.
You knew the following spells:

 Your Spells              Type           Power      Damage    Failure   Level
a - Foxfire               Conj/Fire      64%        2x1d7     3%          1
b - Scorch                Fire           36%        2d7       4%          2
c - Conjure Flame         Conj/Fire      16%        6-21      11%         3

Your spell library contained the following spells:

 Spells                   Type           Power      Damage    Failure   Level
 Inner Flame              Hex/Fire       10%        N/A       22%         3
 Dazzling Flash           Conj/Hex       16%        N/A       26%         3
 Flame Wave               Conj/Fire      16%        2d6       34%         4
 Call Canine Familiar     Summ           2%         N/A       45%         3
 Portal Projectile        Hex/Tloc       4%         N/A       45%         3
 Iskenderun's Mystic Bla  Conj/Tloc      8%         2d4       63%         4
 Leda's Liquefaction      Hex/Erth       1%         N/A       86%         4
 Starburst                Conj/Fire      8%         6d4       99%         6

Inventory:

Hand Weapons
 c - a +0 short sword (weapon)
   (You took it off a kobold on level 1 of the Dungeon)
Missiles
 d - 23 stones
 e - 4 poisoned darts
 q - 6 boomerangs
Armour
 a - a +0 robe (worn)
 g - a +0 leather armour
   (You found it on level 1 of the Dungeon)
 h - a +0 robe
   (You found it on level 1 of the Dungeon)
 j - a +0 leather armour
   (You found it on level 1 of the Dungeon)
 n - a +0 robe
   (You found it on level 2 of the Dungeon)
 p - a +0 robe
   (You found it on level 2 of the Dungeon)
Wands
 o - a wand of iceblast (6)
   (You found it on level 2 of the Dungeon)
Scrolls
 l - 2 scrolls of identify {@r1}
 m - a scroll of brand weapon {unknown}
 r - a scroll of enchant armour {unknown}
Potions
 b - a potion of magic
 f - a potion of curing {@q1}
 i - 2 potions of attraction {!q}
 k - 2 potions of mutation {!q}

Dungeon Overview and Level Annotations

Branches:
Dungeon (3/15) Zot: 15557

Altars:

Annotations:
D:3 Natasha

..≈≈.) #.≈≈..
#.≈≈..##+## +##
#.≈≈......# ..#
..≈≈≈)..).# .).#
#≈≈≈≈≈≈≈# ≈≈≈#
..5#≈≈§§≈≈##+++##≈≈≈#
.....hv@≈≈≈≈...≈≈≈≈#
.#.###.#v#≈≈...≈≈#
...#<.......# #.
##..########.# #.
)... ..# #.#
#..#.#####...###.#
#.#
#..#...........#.#
#.#
#..#.....#.#.#.#.#
#.#
#..#.....#.#.#.#.#
#.#


You could see an iron imp (summoned) and Natasha.


Message History

Okay, then.
Casting: Foxfire (safe; 3% risk of failure)
Confirm with . or Enter, or press ? or * to list all spells.
You miscast Foxfire.
You are very lightly contaminated with residual magic.
Nothing appears to happen. 😎 MP[-1]
You lost 1 mp, and now have 7/8 mp.
Casting: Foxfire (safe; 3% risk of failure)
Confirm with . or Enter, or press ? or * to list all spells.
You conjure some foxfire!
The foxfire hits the goblin.
You kill the goblin! 😎 MP[-1]
You lost 1 mp, and now have 6/8 mp.
Casting: Foxfire (safe; 3% risk of failure)
Confirm with . or Enter, or press ? or * to list all spells.
You conjure some foxfire! 😎 MP[-1]
You lost 1 mp, and now have 5/8 mp.
Casting: Foxfire (safe; 3% risk of failure)
Confirm with . or Enter, or press ? or * to list all spells.
You conjure some foxfire!
Your magical contamination has completely faded away. 😎 MP[-1]
You lost 1 mp, and now have 4/8 mp.
You start resting. 😎 MP[+2]
You regained 2 mp, and now have 6/8 mp.
You start resting. 😎 MP[+2]
Your mp is fully restored (8).
A goblin comes into view. It is wielding a +0 sling.
The goblin shouts!
The goblin shoots a sling bullet.
The sling bullet closely misses you.
The goblin shoots a sling bullet.
The sling bullet closely misses you.
A goblin comes into view. It is wielding a +0 sling.
Casting: Foxfire (safe; 3% risk of failure)
Confirm with . or Enter, or press ? or * to list all spells.
You conjure some foxfire!
The goblin shouts!
You hear an angry hiss.
The goblin shoots a sling bullet.
The sling bullet hits you but does no damage.
The goblin shoots a sling bullet.
The sling bullet hits you.
The foxfire hits the goblin.
You kill the goblin!
The goblin shoots a sling bullet.
The sling bullet hits you.
Casting: Foxfire (safe; 3% risk of failure)
Confirm with . or Enter, or press ? or * to list all spells.
You conjure some foxfire!
The foxfire hits the goblin.
You kill the goblin!
Natasha, Servant of Life and Death comes into view.
Natasha mumbles some strange words.
You feel troubled. 😮 HP[-7] MP[-2]
You take 7 damage, and now have 17/24 hp.
MASSIVE DAMAGE!! (PAUSE)
You lost 2 mp, and now have 6/8 mp.
Casting: Foxfire (safe; 3% risk of failure)
Confirm with . or Enter, or press ? or * to list all spells.
You conjure some foxfire!
The foxfire hits Natasha.
Natasha stares at you and mumbles some strange words.
You resist with some effort.
The foxfire hits Natasha. 😮 MP[-1]
You lost 1 mp, and now have 5/8 mp.
Casting: Foxfire (safe; 3% risk of failure)
Confirm with . or Enter, or press ? or * to list all spells.
You conjure some foxfire!
The foxfire hits Natasha.
Natasha casts a spell.
The foxfire hits Natasha but does no damage. 😮 MP[-1]
You lost 1 mp, and now have 4/8 mp.
Casting: Foxfire (safe; 3% risk of failure)
Confirm with . or Enter, or press ? or * to list all spells.
You conjure some foxfire!
Natasha mumbles some strange words.
The foxfire hits the white imp.
The white imp is burned terribly!
The foxfire hits the white imp but does no damage.
Natasha stares at you and mumbles some strange words.
You resist with some effort.
The white imp is engulfed in a cloud of scalding steam.
The white imp hits you. The white imp freezes you. 😮 HP[-3]
You take 3 damage, and now have 14/24 hp.
Casting: Foxfire (safe; 3% risk of failure)
Confirm with . or Enter, or press ? or * to list all spells.
You conjure some foxfire!
You are engulfed in a cloud of scalding steam.
* * * LOW HITPOINT WARNING * * *
Natasha wildly gestures.
You feel disoriented.
Natasha wildly gestures.
Natasha's front paws start to glow.
The white imp is engulfed in a cloud of scalding steam.
You kill the white imp!
The white imp disappears in a puff of smoke!
You are engulfed in a cloud of scalding steam.
You die...

Skill      XL: |  1  2  3 |
---------------+----------+-----
Conjurations   | 2 3 |  3.4
Fire Magic     | 4 |  4.3
Dodging        | |  2.1
Stealth        | |  2.0
Spellcasting   | |  2.6

Action                   |  1- 3 |  4- 6 || total
-------------------------+-------+-------++-------
Melee: Short sword       |    16 |       ||    16
       Kick              |     1 |       ||     1
       Peck              |     1 |       ||     1
 Cast: Foxfire           |    67 |    25 ||    92
       Scorch            |     6 |     1 ||     7
  Use: Scroll            |       |     4 ||     4
Armor: Robe              |    11 |     1 ||    12
Dodge: Dodged            |    44 |     2 ||    46

Levels and vault maps discovered:
D:1:      saegor_arrival_simple_a, layout_loops_ring,
          ebering_ecumenical_altar_sacrificial
D:2:      layout_basic, grunt_ministairs_15, lemuel_flame_loot_1
D:3:      kennysheep_goblin_castle, layout_basic, uniq_natasha,
          uniq_crazy_yiuf_cottage, uniq_grinder

Notes
Turn   | Place    | Note
-------+----------+-------------------------------------------
     0 | D:1      | kae the Tengu Fire Elementalist began the quest for the
                  | Orb.
     0 | D:1      | Reached XP level 1. HP: 10/10 MP: 4/4
     0 | D:1      | magus.rc [v1.11.3]
   258 | D:1      | Reached skill level 2 in Conjurations
   258 | D:1      | Reached XP level 2. HP: 14/15 MP: 1/6
   594 | D:1      | Reached XP level 3. HP: 15/19 MP: 4/7
   604 | D:1      | Learned a level 2 spell: Scorch
   693 | D:1      | Learned a level 3 spell: Conjure Flame
   791 | D:1      | Reached skill level 4 in Fire Magic
  1105 | D:1      | Found a faded altar of an unknown god.
  1137 | D:1      | You pick up a book of the Hunter and begin reading...
  1137 | D:1      | You add the spells Call Canine Familiar, Portal Projectile
                  | and Leda's Liquefaction to your library.
  1231 | D:1      | You pick up a book of Spectacle and begin reading...
  1231 | D:1      | You add the spells Dazzling Flash, Iskenderun's Mystic
                  | Blast and Starburst to your library.
  1296 | D:1      | Reached skill level 3 in Conjurations
  1544 | D:2      | Reached XP level 4. HP: 24/24 MP: 3/8
  2433 | D:3      | Noticed Natasha
  2441 | D:3      | HP: 3/24 [cloud of steam (11)]
  2442 | D:3      | Engulfed by a cloud of steam

Vanquished Creatures
  2 adders (D:2)
  A worm (D:2)
  A dart slug (D:1)
  5 endoplasms
  4 giant cockroaches
  5 goblins
  4 hobgoblins
  8 jackals (D:1)
  5 kobolds (D:1)
  2 quokkas (D:1)
  4 ball pythons
  8 bats
  3 frilled lizards
  2 rats (D:1)
54 creatures vanquished.

Vanquished Creatures (others)
  146 foxfires
146 creatures vanquished.

Grand Total: 200 creatures vanquished

Table legend:
 A = Non-vault XP
 B = Vault XP
 C = Vault XP percentage of total XP
 D = Non-vault monster count
 E = Vault monster count
 F = Vault count percentage of total count
                 A         B        C        D         E       F
            +---------+---------+-------+---------+---------+-------
      Total |      96 |      19 |  16.5 |      49 |       5 |   9.3
            +---------+---------+-------+---------+---------+-------
        D:1 |      65 |       0 |   0.0 |      39 |       0 |   0.0
        D:2 |      29 |      15 |  34.1 |       9 |       2 |  18.2
        D:3 |       2 |       4 |  66.7 |       1 |       3 |  75.0
            +---------+---------+-------+---------+---------+-------

Illustrated notes

Table legend:
 A = Kills in this place as a percentage of kills in entire the game.
 B = Kills by you in this place as a percentage of kills by you in the entire game.
 C = Kills by friends in this place as a percentage of kills by friends in the entire game.
 D = Other kills in this place as a percentage of other kills in the entire game.
 E = Experience gained in this place as a percentage of experience gained in the entire game.
 F = Experience gained in this place divided by the number of levels of this place that you have seen.
                   A       B       C       D       E      F
               +-------+-------+-------+-------+-------+----------------------
         Total | 100.0 | 100.0 |   N/A |   N/A | 100.0 |  38.3
       Dungeon | 100.0 | 100.0 |   N/A |   N/A | 100.0 |  38.3
               +-------+-------+-------+-------+-------+----------------------

Table legend: (Time is in decaauts)
 A = Elapsed time spent in this place.
 B = Non-inter-level travel time spent in this place.
 C = Inter-level travel time spent in this place.
 D = Time resting spent in this place.
 E = Time spent auto-exploring this place.
 F = Levels seen in this place.
 G = Mean time per level.
                   A        B        C        D        E       F      G
               +--------+--------+--------+--------+--------+-----+--------+
         Total |   2442 |   2398 |     44 |    129 |   1917 |   3 |  814.0 |
       Dungeon |   2442 |   2398 |     44 |    129 |   1917 |   3 |  814.0 |
               +--------+--------+--------+--------+--------+-----+--------+

Top non-repeatable levels by time:
     D:1: 1501 daAuts
     D:2: 755 daAuts
     D:3: 185 daAuts
